 Dungeon Crawl Stone Soup version 0.27-a0-1026-gbab068f60c (webtiles) character file.

Game seed: 15531662493211606684

182 Morbidden the Covered (level 5, -15/45 HPs)
             Began as a Demigod Fighter on Apr 18, 2021.
             Demolished by an ogre
             ... wielding a +0 giant club
              (16 damage)
             ... on level 4 of the Dungeon.
             The game lasted 00:03:33 (3120 turns).

Morbidden the Covered (Demigod Fighter)             Turns: 3120, Time: 00:03:33

Health: -15/45     AC: 11    Str: 21    XL:     5   Next: 12%
Magic:  7/7        EV:  4    Int: 10    God:
Gold:   89         SH:  9    Dex: 13    Spells: 4/4 levels left

rFire    . . .     SeeInvis .   b - +0 short sword (venom)
rCold    . . .     Faith    .   c - +0 kite shield
rNeg     . . .     Spirit   .   i - +0 plate armour
rPois    .         Reflect  .   (no helmet)
rElec    .         Harm     .   (no cloak)
rCorr    .         Rampage  .   (no gloves)
Will     .....                  (no boots)
Stlth    ..........             (no amulet)
HPRegen  0.15/turn              h - ring of flight
MPRegen  0.10/turn              (no ring)

@: flying
A: high mp 1, forlorn
a: no special abilities


You were on level 4 of the Dungeon.
You visited 1 branch of the dungeon, and saw 4 of its levels.

You collected 89 gold pieces.

Inventory:

Hand Weapons
 a - a +0 long sword
 b - a +0 short sword of venom (weapon)
Missiles
 d - a throwing net (quivered)
Armour
 c - a +0 kite shield (worn)
 i - a +0 plate armour (worn)
Jewellery
 h - a ring of flight (left hand)
 o - a +4 ring of protection
Wands
 r - a wand of polymorph (5)
Scrolls
 e - a scroll of teleportation {unknown}
 f - 2 scrolls of identify {unknown}
 g - a scroll of amnesia {unknown}
 j - a scroll of noise {unknown}
 k - a scroll of fog {unknown}
 l - a scroll of blinking {unknown}
 p - a scroll of acquirement {unknown}
Potions
 m - a potion of attraction {unknown}
 n - a potion of degeneration {unknown}
 q - a potion of ambrosia {unknown}


   Skills:
 * Level 3.3 Fighting
 + Level 1.5(2.1) Short Blades
 + Level 2.2(2.5) Long Blades
 + Level 3.7 Armour
 * Level 1.0 Dodging
 + Level 3.4 Shields


You had 4 spell levels left.
You didn't know any spells.
Your spell library was empty.

Dungeon Overview and Level Annotations

Branches:
Dungeon (4/15)
 Temple: D:4-7


Innate Abilities, Weirdness & Mutations

Your attributes grow dramatically as you level up.
You have an increased reservoir of magic. (+10% MP)
You shall have no god before yourself.


Message History

You hit Natasha but do no damage.
Natasha is severely wounded.
Natasha barely misses you.
The crimson imp hits you but does no damage.
You block Natasha's attack.
You hit Natasha.
Natasha looks as sick as possible!
Natasha is almost dead.
You kill Natasha!
Natasha screams in pain as she dies!
The crimson imp disappears in a puff of smoke! x2
Your Dodging skill increases to level 1!
You have reached level 5!
HP restored.
An ogre comes into view. It is wielding a +0 giant club.
An ogre is nearby!
An ogre is nearby!
You block the ogre's attack.
You hit the ogre.
The ogre is lightly wounded.
The ogre barely misses you.
Your shield and plate armour prevent you from hitting the ogre.
The ogre is lightly wounded.
The ogre hits you with a +0 giant club!
You hit the ogre.
The ogre is poisoned.
The ogre is moderately wounded.
The ogre hits you with a +0 giant club!
* * * LOW HITPOINT WARNING * * *
You are too injured to fight recklessly!
You are too injured to fight recklessly!
An ogre is nearby!
You are too injured to fight recklessly!
You are too injured to fight recklessly!
The ogre looks more healthy.
Unknown command.
The ogre hits you with a +0 giant club!
* * * LOW HITPOINT WARNING * * *
You hit the ogre.
The ogre is poisoned.
The ogre is almost dead.
The ogre hits you with a +0 giant club!
You die...

#...#
#.#
#...#
#.#
#.#
#.#
#.#
#.#
#.#
#O#
#@#
#.#
#.#
#.#
#.#
#.#
#..
###


You could see an ogre (very poisoned).

Vanquished Creatures
  Ijyb (D:3)
  Natasha (D:4)
  2 adders
  4 gnolls (D:2)
  A worm (D:3)
  2 dart slugs
  An orc (D:3)
  5 ball pythons
  5 bats
  7 endoplasms
  A giant cockroach (D:1)
  4 goblins
  3 hobgoblins
  14 jackals
  A quokka (D:2)
  9 frilled lizards
  3 kobolds
  3 rats
67 creatures vanquished.

Notes
Turn   | Place    | Note
-------+----------+-------------------------------------------
     0 | D:1      | Morbidden the Demigod Fighter began the quest for the Orb.
     0 | D:1      | Reached XP level 1. HP: 18/18 MP: 3/3
   237 | D:1      | Reached XP level 2. HP: 23/25 MP: 4/4
  1027 | D:2      | Reached XP level 3. HP: 26/30 MP: 5/5
  1256 | D:2      | Reached skill level 1 in Short Blades
  1649 | D:2      | Reached XP level 4. HP: 21/38 MP: 6/6
  2963 | D:3      | Noticed Ijyb
  2974 | D:3      | Killed Ijyb
  3044 | D:4      | Noticed Natasha
  3055 | D:4      | Killed Natasha
  3056 | D:4      | Reached skill level 1 in Dodging
  3056 | D:4      | Reached XP level 5. HP: 40/45 MP: 7/7
  3090 | D:4      | Noticed an ogre
  3119 | D:4      | HP: 1/45 [ogre/+0 giant club (16)]
  3120 | D:4      | Demolished by an ogre

Illustrated notes

Levels and vault maps discovered:
D:1:      dpeg_arrival_shelter, layout_loops_ring,
          ebering_ecumenical_altar_abandoned, st_stairs_4
D:2:      layout_basic, basic_altar, minmay_heptomino_l4
D:3:      layout_rooms, ebering_dispersal_statue_hall, kennysheep_boxes,
          uniq_ijyb
D:4:      layout_basic, serial_shops, nicolae_shop_waterfront, uniq_natasha

Skill      XL: |  1  2  3  4 |
---------------+-------------+-----
Armour         | 3 |  3.7
Long Blades    | 2 |  2.2
Fighting       | 3 |  3.3
Shields        | 3 |  3.4
Short Blades   | 1 |  1.5
Dodging        | 1 |  1.0

Action                   |  1- 3 |  4- 6 || total
-------------------------+-------+-------++-------
Melee: Long sword        |    32 |     6 ||    38
       Short sword       |    76 |    85 ||   161
       Unarmed           |       |     5 ||     5
  Use: Potion            |     1 |       ||     1
Armor: Scale mail        |    19 |       ||    19
       Plate armour      |    64 |    55 ||   119
Dodge: Dodged            |    23 |    21 ||    44
Block: Kite shield       |    76 |    38 ||   114
       Rpst.: Long sword |     2 |     1 ||     3

Table legend: (Time is in decaauts)
 A = Elapsed time spent in this place.
 B = Non-inter-level travel time spent in this place.
 C = Inter-level travel time spent in this place.
 D = Time resting spent in this place.
 E = Time spent auto-exploring this place.
 F = Levels seen in this place.
 G = Mean time per level.
                   A        B        C        D        E       F      G
               +--------+--------+--------+--------+--------+-----+--------+
         Total |   3181 |   3115 |     66 |    342 |   2184 |   4 |  795.2 |
       Dungeon |   3181 |   3115 |     66 |    342 |   2184 |   4 |  795.2 |
               +--------+--------+--------+--------+--------+-----+--------+

Top non-repeatable levels by time:
     D:1: 1295 daAuts
     D:2: 1290 daAuts
     D:3: 517 daAuts
     D:4: 78 daAuts
